 Dungeon Crawl Stone Soup version 0.29-a0-529-gfa20dd96a1 (webtiles) character file.

Game seed: 13934912628481877846

24802 Spaninq the Arsonist (level 13, 101/101 HPs)
             Began as a Human Cinder Acolyte on Nov 29, 2021.
             Was a High Priest of Ignis.
             Quit the game on level 4 of the Lair of Beasts on Oct 14, 2023.
             The game lasted 01:12:41 (25668 turns).

Spaninq the Arsonist (Human Cinder Acolyte)        Turns: 25668, Time: 01:12:41

Health: 101/101    AC: 11    Str: 19    XL:     13   Next: 45%
Magic:  34/34      EV: 11    Int: 19    God:    Ignis [*****.]
Gold:   844        SH:  0    Dex: 11    Spells: 19/28 levels left

rFire   + . .      SeeInvis .   I - +8 war axe of Awokh {speed, MP+9 Str+4 Dex+2 Stlth+}
rCold   . . .      Faith    .   (no shield)
rNeg    . . .      Spirit   .   b - +1 robe
rPois   +          Reflect  .   L - +0 helmet
rElec   .          Harm     .   H - +1 cloak
rCorr   .          Rampage  .   (no gloves)
Will    .....                   E - +0 pair of boots
Stlth   ++........              w - amulet of the acrobat
HPRegen 0.26/turn               r - ring of poison resistance
MPRegen 0.24/turn               n - +4 ring of protection

@: no status effects
A: no striking features
a: Renounce Religion, Fiery Armour, Foxfire Swarm, Rising Flame


You were on level 4 of the Lair of Beasts.
You worshipped Ignis.
Ignis was extremely pleased with you.
You visited 2 branches of the dungeon, and saw 15 of its levels.
You also visited: Ossuary.

You collected 844 gold pieces.

Inventory:

Hand Weapons
 a - a -1 hand axe of flaming
 q - a +2 hand axe of venom
 I - the +8 war axe of Awokh (weapon) {speed, MP+9 Str+4 Dex+2 Stlth+}
   (You found it on level 10 of the Dungeon)

   Attacks with this weapon are significantly faster.
   Str:       It affects your strength (+4).
   Dex:       It affects your dexterity (+2).
   MP:        It affects your magic capacity (+9).
   Stlth:     It makes you more stealthy.
 M - a +2 hand axe of freezing
Missiles
 c - 441 stones (quivered)
Armour
 b - a +1 robe (worn)
 e - a +0 troll leather armour
 v - a scarf of resistance
 D - the +0 kite shield "Waucvuwa" {Will++}
   (You found it on level 10 of the Dungeon)

   Will:      It greatly increases your willpower.
 E - a +0 pair of boots (worn)
 H - a +1 cloak (worn)
 L - a +0 helmet (worn)
Magical Staves
 G - a staff of fire
 R - a staff of earth
Jewellery
 i - a ring of see invisible
 n - a +4 ring of protection (right hand)
 r - a ring of poison resistance (left hand)
 w - an amulet of the acrobat (around neck)
 x - a +4 ring of evasion
 O - a +4 ring of protection
Wands
 g - a wand of flame (51)
 s - a wand of polymorph (8)
 u - a wand of mindburst (12)
 y - a wand of paralysis (16)
 F - a wand of acid (18)
 K - a wand of iceblast (9)
Scrolls
 d - 2 scrolls of teleportation
 p - 2 scrolls of amnesia
 z - 2 scrolls of magic mapping
 J - a scroll of summoning
 N - a scroll of holy word
 P - a scroll of enchant armour
 Q - a scroll of brand weapon {unknown}
Potions
 f - 3 potions of lignification
 h - 3 potions of attraction
 j - 15 potions of curing
 k - a potion of mutation {unknown}
 l - 5 potions of heal wounds
 m - 2 potions of haste
 o - 4 potions of cancellation
 t - 4 potions of brilliance
 A - 2 potions of flight
 B - 3 potions of might
 C - 3 potions of invisibility {unknown}


   Skills:
 + Level 9.6 Fighting
 - Level 4.0 Axes
 + Level 5.1 Shields
 + Level 8.4 Spellcasting
 * Level 10.2 Conjurations
 - Level 11.0 Fire Magic
 * Level 7.5 Earth Magic
 - Level 4.0 Evocations


You had 19 spell levels left.
You knew the following spells:

 Your Spells              Type           Power      Damage    Failure   Level
a - Scorch                Fire           98%        2d9       1%          2
b - Searing Ray           Conj           94%        2d7       1%          2
c - Flame Wave            Conj/Fire      48%        2d10      1%          4
d - Sandblast             Erth           72%        2d16      1%          1

Your spell library contained the following spells:

 Spells                   Type           Power      Damage    Failure   Level
 Conjure Flame            Conj/Fire      48%        6-21      1%          3
 Stone Arrow              Conj/Erth      82%        3d12      1%          3
 Passwall                 Tmut/Erth      18%        N/A       2%          2
 Dazzling Flash           Conj/Hex       54%        N/A       3%          3
 Fulminant Prism          Conj/Hex       13%        3d9       11%         4
 Summon Guardian Golem    Hex/Summ       7%         N/A       26%         3
 Orb of Destruction       Conj           23%        9d8       73%         7
 Conjure Ball Lightning   Conj/Air       13%        3x3d6     86%         6
 Agony                    Necr           7%         N/A       94%         5
 Silence                  Hex/Air        3%         N/A       94%         5
 Summon Forest            Summ/Tloc      3%         N/A       94%         5
 Summon Mana Viper        Hex/Summ       7%         N/A       94%         5
 Summon Cactus Giant      Summ           3%         N/A       100%        6
 Spellforged Servitor     Conj/Summ      13%        N/A       100%        7


Dungeon Overview and Level Annotations

Branches:
Dungeon (11/15)            Temple (0/1) D:4            Lair (4/6) D:9
 Shoals (0/4) Lair:4        Snake (0/4) Lair:3          Orc (0/2) D:9
Ossuary (visited)

Altars:
Dithmenos
Uskayaw
Vehumet
Zin
Beogh

Shops:
D:9 *

Annotations:
Lair:4 Urug


Message History

Confirm with . or Enter, or press ? or * to list all spells.
Aiming: Searing Ray (safe; 1% risk of failure)
Press: ? - help, Shift-Dir - straight line, f/p - lindwurm
Aim: a lindwurm (almost dead, 91% to hit)
The searing ray hits the lindwurm.
The lindwurm is almost dead. (Press . to maintain the ray.)
The lindwurm bites you. The lindwurm barely misses you. The lindwurm claws you.
The searing ray hits the lindwurm.
You kill the lindwurm!
You start resting.
Magic restored.
You start resting.
HP restored.
You see here a lindwurm corpse.
c - 441 stones (gained 15) Done exploring.
Done exploring.
Save game and exit?
Level annotation: Urug Welcome back, Spaninq the Human Cinder Acolyte.
The flames of Ignis gently warm you.
Press ? for a list of commands and other information.
Done exploring.
Done exploring.
Unknown command.
Are you sure you want to abandon this character and quit the game? (Confirm with "yes".)
Okay, then.
Saving game... please wait.
Level annotation: Urug Welcome back, Spaninq the Human Cinder Acolyte.
The flames of Ignis gently warm you.
Press ? for a list of commands and other information.
Save game and exit?
Okay, then.
Level annotation: Urug Welcome back, Spaninq the Human Cinder Acolyte.
The flames of Ignis gently warm you.
Press ? for a list of commands and other information.
Are you sure you want to abandon this character and quit the game? (Confirm with "yes".)

###### ### ##### ##.##.# ######
######
#.###.#.####.#...####.P#.###.##..
................@................
.................................
.................................
........................<.......Y
.....###.########..##..(.#######.
......#.#†#.#..####.......##..#.♣
.................................
.................................
.................k...............


There were no monsters in sight!

Vanquished Creatures
  A hydra (Lair:4)
  A boulder beetle (D:9)
  2 catoblepae
  A two-headed ogre (D:10)
  A death yak (Lair:3)
  Nergalle (Lair:4)
  A lindwurm (Lair:4)
  Pikel (D:6)
  A cyclops (D:11)
  An ugly thing (D:11)
  2 black mambas (Lair:3)
  4 cane toads
  A rime drake (Lair:3)
  8 komodo dragons
  2 trolls
  A polar bear (Lair:3)
  32 yaks
  5 wyverns
  A basilisk (Lair:3)
  A steam dragon (D:7)
  3 acid dragons
  Menkaure (D:6)
  4 nagas (Lair:3)
  9 water moccasins
  5 orc warriors
  An ice beast (D:6)
  A black bear (Lair:4)
  10 wolves
  2 necrophages (D:6)
  2 ogres (D:4)
  3 centaurs
  A phantom (D:6)
  A lemure (D:6)
  4 kobold brigands
  Blork the orc (D:6)
  17 bullfrogs
  A scorpion (Lair:3)
  4 howler monkeys (D:8)
  12 wights
  An electric eel (Lair:3)
  2 jellies (D:5)
  6 centaur zombies
  2 hounds
  5 orc priests
  A bullfrog skeleton (D:6)
  A gnoll shaman (D:8)
  A centaur skeleton (D:7)
  9 iguanas
  8 orc wizards
  2 hound skeletons (D:4)
  13 mummies (Ossuary)
  12 gnolls
  A howler monkey skeleton (D:7)
  7 adders
  5 white imps
  An ufetubus (D:4)
  A worm (D:2)
  A dart slug (D:5)
  40 orcs
  6 endoplasms
  A giant cockroach (D:3)
  3 goblins
  8 hobgoblins
  19 kobolds
  7 ball pythons
  3 bats
  3 frilled lizards (D:8)
  5 goblin skeletons (Ossuary)
  2 kobold skeletons (Ossuary)
  An orc skeleton (Ossuary)
  A quokka skeleton (D:2)
  3 rats
  11 rat skeletons (Ossuary)
342 creatures vanquished.

Vanquished Creatures (others)
  An orc wizard (D:7)
  50 fungi
  106 plants
157 creatures vanquished.

Grand Total: 499 creatures vanquished

Notes
Turn   | Place    | Note
-------+----------+-------------------------------------------
     0 | D:1      | Spaninq the Human Cinder Acolyte began the quest for the
                  | Orb.
     0 | D:1      | Reached XP level 1. HP: 18/18 MP: 2/2
   543 | D:1      | Reached XP level 2. HP: 6/24 MP: 3/3
   573 | D:1      | Learned a level 2 spell: Scorch
   938 | D:1      | Found a faded altar of an unknown god.
  1824 | D:2      | Reached XP level 3. HP: 29/29 MP: 0/5
  2154 | D:2      | Found a hide-covered altar of Uskayaw.
  2934 | D:3      | Found a glowing silver altar of Zin.
  2972 | D:3      | Found a hide-covered altar of Uskayaw.
  2975 | D:3      | Found a shadowy altar of Dithmenos.
  3249 | D:3      | Reached XP level 4. HP: 35/35 MP: 1/6
  3549 | D:2      | Reached skill level 4 in Fire Magic
  3607 | D:3      | Reached XP level 5. HP: 42/42 MP: 2/8
  4502 | D:4      | Noticed an ogre
  4523 | D:4      | Killed an ogre
  4524 | D:4      | Reached XP level 6. HP: 15/48 MP: 5/9
  4599 | D:4      | Noticed an ogre
  4859 | D:4      | Found a staircase to the Ecumenical Temple.
  4933 | D:4      | Killed an ogre
  4934 | D:4      | Reached skill level 5 in Fire Magic
  5388 | D:4      | Reached XP level 7. HP: 54/54 MP: 6/11
  5778 | D:5      | Entered Level 5 of the Dungeon
  6904 | D:5      | Reached skill level 6 in Fire Magic
  7526 | D:6      | Noticed Pikel
  7560 | D:6      | Killed Pikel
  7561 | D:6      | Reached skill level 5 in Fighting
  7561 | D:6      | Reached skill level 7 in Fire Magic
  7561 | D:6      | Reached XP level 8. HP: 15/63 MP: 8/14
  7873 | D:6      | Noticed Menkaure
  7882 | D:6      | Killed Menkaure
  8176 | D:6      | Reached XP level 9. HP: 69/69 MP: 8/15
  8237 | D:6      | Found a radiant altar of Vehumet.
  8288 | D:6      | Noticed Blork the orc
  8297 | D:6      | Killed Blork the orc
  8558 | D:6      | Reached skill level 8 in Fire Magic
  8991 | D:7      | Acquired the Guide on Weightlessness and Arcane Weapons
  8996 | D:7      | Learned a level 2 spell: Searing Ray
  9112 | D:7      | Reached skill level 5 in Spellcasting
  9112 | D:7      | Reached skill level 1 in Conjurations
  9303 | D:7      | Noticed a troll
  9307 | D:7      | Killed a troll
 10305 | D:8      | Identified the +0 kite shield of Sagih {Rampage rPois}
 10424 | D:8      | Reached skill level 9 in Fire Magic
 10424 | D:8      | Reached skill level 1 in Evocations
 10583 | D:8      | Found a sand-covered staircase.
 10592 | D:8      | Learned a level 4 spell: Flame Wave
 10593 | Ossuary  | Entered an ossuary
 11238 | Ossuary  | Reached XP level 10. HP: 77/77 MP: 13/18
 11521 | D:8      | Acquired a staff of fire
 11957 | D:8      | Noticed a komodo dragon
 11964 | D:8      | Killed a komodo dragon
 12266 | D:8      | Reached skill level 5 in Conjurations
 13597 | D:9      | Reached skill level 10 in Fire Magic
 13928 | D:9      | Reached XP level 11. HP: 76/84 MP: 11/20
 13970 | D:9      | Noticed a boulder beetle
 14018 | D:9      | Killed a boulder beetle
 14267 | D:9      | Found a staircase to the Lair.
 14510 | D:9      | Found Nabletup's Gadget Gallery.
 15428 | D:9      | Found a staircase to the Orcish Mines.
 15790 | D:10     | Entered Level 10 of the Dungeon
 15832 | D:10     | Identified the +0 kite shield "Waucvuwa" {Will++}
 15836 | D:10     | Learned a level 1 spell: Sandblast
 16171 | D:9      | Reached skill level 1 in Earth Magic
 16328 | D:10     | Noticed a two-headed ogre
 16578 | D:10     | Reached skill level 1 in Shields
 16698 | D:10     | Killed a two-headed ogre
 16950 | D:10     | Reached skill level 11 in Fire Magic
 17216 | D:10     | Identified the +8 war axe of Awokh {speed, MP+9 Str+4 Dex+2
                  | Stlth+}
 17667 | D:11     | Noticed a green ugly thing
 17801 | D:11     | Noticed a cyclops
 17808 | D:11     | Killed a cyclops
 17960 | D:11     | Reached XP level 12. HP: 88/94 MP: 15/22
 18453 | Lair:1   | Entered Level 1 of the Lair of Beasts
 20511 | Lair:1   | Reached skill level 5 in Earth Magic
 21603 | Lair:3   | Found a staircase to the Snake Pit.
 22684 | Lair:3   | Reached XP level 13. HP: 84/101 MP: 24/24
 23045 | Lair:4   | Noticed a catoblepas
 23324 | Lair:4   | Noticed a catoblepas
 23335 | Lair:4   | Killed a catoblepas
 23426 | Lair:4   | Noticed Nergalle
 23647 | Lair:4   | Noticed Urug
 23651 | Lair:4   | Noticed a four-headed hydra
 24044 | Lair:4   | Found a staircase to the Shoals.
 24122 | Lair:3   | Killed a catoblepas
 24304 | Lair:3   | Reached skill level 10 in Conjurations
 24669 | Lair:4   | Killed Nergalle
 24835 | Lair:4   | Reached skill level 5 in Shields
 25050 | Lair:4   | Killed a one-headed hydra
 25668 | Lair:4   | Upgraded the game from 0.28-a0-938-gbc3f381ebc to
                  | 0.29-a0-529-gfa20dd96a1
 25668 | Lair:4   | Quit the game

Illustrated notes

Levels and vault maps discovered:
D:1:      heliophobic_arrival_ceremonial_halls, layout_basic,
          chequers_ecumenical_altar_grove
D:2:      layout_loops_corners, basic_altar, serial_bayou_pond_a,
          minmay_tetromino_t4
D:3:      layout_basic, minmay_overflow_temple_star_quad, kennysheep_potato
D:4:      layout_basic, temple_statues
D:5:      layout_loops_corners
D:6:      layout_basic, mainiacjoe_overflow_small_starburst, uniq_menkaure,
          uniq_blork_the_orc, uniq_pikel
D:7:      layout_loops_ring
D:8:      layout_basic, enter_ossuary_5, minmay_lizard_king
D:9:      layout_irregular_city, due_lair_maze_entry_diamond, david_orc_5,
          nicolae_shop_gadgets
D:10:     layout_gridville, grunt_decor_arrowhead
D:11:     layout_loops_ring
Lair:1:   layout_hall_layers, chequers_serial_rivers_micro_a, minivault_27
Lair:2:   layout_loops_ring, serial_bayou_crossing
Lair:3:   layout_misc_corridors, minmay_snake_entry_guardpost_small,
          grunt_megastairs_1, infiniplex_staircase_pool
Lair:4:   layout_long_grid, elwin_shoals_entry_rocks, nicolae_lair_yak_garden,
          uniq_urug, uniq_nergalle

Skill      XL: |  1  2  3  4  5  6  7  8  9 10 11 12 13 |
---------------+----------------------------------------+-----
Fire Magic     | 4 5 7 9 10 11 | 11.0
Spellcasting   | 2 4 5 6 7 8 |  8.4
Fighting       | 4 5 6 7 8 9 |  9.6
Axes           | 4 |  4.0
Conjurations   | 3 5 7 9 10 | 10.2
Evocations     | 1 3 4 |  4.0
Earth Magic    | 3 6 7 |  7.5
Shields        | 2 4 5 |  5.1

Action                   |  1- 3 |  4- 6 |  7- 9 | 10-12 | 13-15 || total
-------------------------+-------+-------+-------+-------+-------++-------
Melee: Hand axe          |    49 |    14 |    80 |     8 |    11 ||   162
       Staff             |       |       |       |     3 |       ||     3
       War axe           |       |       |       |     9 |     7 ||    16
 Cast: Scorch            |    29 |    31 |   155 |   434 |    98 ||   747
       Searing Ray       |       |       |     2 |       |     3 ||     5
       Flame Wave        |       |       |       |    13 |     2 ||    15
Evoke: Wand              |       |       |       |     3 |       ||     3
  Use: Potion            |     1 |       |       |       |       ||     1
       Scroll            |       |       |    17 |    10 |     1 ||    28
 Stab: Sleeping          |       |       |       |       |     1 ||     1
Armor: Robe              |     5 |     4 |    45 |   127 |    31 ||   212
       Skin              |     1 |       |       |       |       ||     1
Dodge: Dodged            |    23 |     9 |    70 |   261 |    60 ||   423

Table legend: (Time is in decaauts)
 A = Elapsed time spent in this place.
 B = Non-inter-level travel time spent in this place.
 C = Inter-level travel time spent in this place.
 D = Time resting spent in this place.
 E = Time spent auto-exploring this place.
 F = Levels seen in this place.
 G = Mean time per level.
                   A        B        C        D        E       F      G
               +--------+--------+--------+--------+--------+-----+--------+
         Total |  25732 |  24867 |    865 |   8188 |  12360 |  16 | 1608.2 |
       Dungeon |  18373 |  17754 |    619 |   5387 |   9342 |  11 | 1670.3 |
          Lair |   6593 |   6347 |    246 |   2661 |   2572 |   4 | 1648.2 |
       Ossuary |    765 |    765 |      0 |    140 |    446 |   1 |  765.0 |
               +--------+--------+--------+--------+--------+-----+--------+

Top non-repeatable levels by time:
     D:9: 3543 daAuts
     D:8: 2636 daAuts
  Lair:3: 2094 daAuts
     D:6: 1621 daAuts
     D:5: 1594 daAuts
     D:2: 1589 daAuts
  Lair:4: 1516 daAuts
  Lair:2: 1506 daAuts
  Lair:1: 1477 daAuts
     D:4: 1459 daAuts
     D:7: 1429 daAuts
     D:3: 1372 daAuts
     D:1: 1367 daAuts
    D:10: 885 daAuts
    D:11: 873 daAuts
